 Dungeon Crawl Stone Soup version 0.22.1-2-g9c5b331 (webtiles) character file.

54177 toffzen the Archer (level 14, 0/124 HPs)
             Began as a Centaur Air Elementalist on Dec 31, 2018.
             Was a High Priest of Sif Muna.
             Slain by a freezing wraith (13 damage)
             ... led by a death knight
             ... on level 13 of the Dungeon on Jan 1, 2019.
             The game lasted 01:54:41 (41283 turns).

toffzen the Archer (Centaur Air Elementalist)      Turns: 41283, Time: 01:54:42

Health: 0/124      AC: 12    Str: 13    XL:     14   Next: 33%
Magic:  27/27      EV:  7    Int: 22    God:    Sif Muna [*****.]
Gold:   461        SH:  0    Dex:  9    Spells: 9/31 levels left

rFire    . . .     SeeInvis +   b - +0 longbow
rCold    . . .     Gourm    .   (shield currently unavailable)
rNeg     . . .     Faith    .   m - +2 robe {Archmagi}
rPois    .         Spirit   .   Z - +0 mask of the Dragon {MR+ Slay+3 SInv}
rElec    .         Reflect  .   e - +0 cloak
rCorr    .         Harm     .   X - +0 pair of gloves
MR       ++...                  Y - +0 centaur barding
Stlth    +.........             W - amulet of magic regeneration
HPRegen  0.30/turn              i - +4 ring of intelligence
MPRegen  0.45/turn              Q - ring of wizardry

@: divine energy, very quick
A: large, hooves 3, deformed body, speed 2, tough skin 3
a: Stop Divine Energy, Channel Magic, Forget Spell, Renounce Religion


You were on level 13 of the Dungeon.
You worshipped Sif Muna.
Sif Muna was extremely pleased with you.
You were near starving.

You visited 3 branches of the dungeon, and saw 20 of its levels.

You collected 1194 gold pieces.
You spent 733 gold pieces at shops.

Inventory:

Hand Weapons
 a - a +3 trident of venom
 b - a +0 longbow (weapon)
 U - a +2 shortbow of velocity
Missiles
 g - 538 stones
 h - 166 arrows (quivered)
 j - 103 bolts
Armour
 e - a +0 cloak (worn)
 m - a +2 robe of the Archmagi (worn)
 y - the +0 robe of Vonobb {rF+ Stlth+}
   (You found it on level 6 of the Dungeon)

   It protects you from fire.
   It makes you more stealthy.
 X - a +0 pair of gloves (worn)
 Y - a +0 centaur barding (worn)
 Z - the +0 mask of the Dragon (worn) {MR+ Slay+3 SInv}
   (You bought it in a shop on level 12 of the Dungeon)

   It affects your accuracy and damage with ranged weapons and melee attacks
   (+3).
   It affects your resistance to hostile enchantments.
   It lets you see invisible.
Jewellery
 i - a +4 ring of intelligence (left hand)
 o - an uncursed ring of protection from fire
 z - an uncursed ring of ice
 Q - a ring of wizardry (right hand)
 W - an amulet of magic regeneration (around neck)
Wands
 x - a wand of iceblast (30)
 D - a wand of enslavement (23)
 I - a wand of acid (21)
 J - a wand of paralysis (13)
 K - a wand of disintegration (32)
Scrolls
 d - 3 scrolls of enchant weapon
 f - a scroll of holy word {unknown}
 n - 2 scrolls of enchant armour
 q - 9 scrolls of teleportation
 t - 3 scrolls of blinking
 w - a scroll of magic mapping
 A - 5 scrolls of amnesia
 E - a scroll of identify
 G - 5 scrolls of remove curse
 H - a scroll of immolation {unknown}
 L - a scroll of vulnerability {unknown}
 M - a scroll of fog {unknown}
 O - a scroll of torment {unknown}
 S - a scroll of fear {unknown}
Potions
 l - 5 potions of haste
 p - 2 potions of magic
 r - 6 potions of lignification
 s - a potion of invisibility {unknown}
 u - 5 potions of curing
 v - 3 potions of flight
 B - a potion of berserk rage
 C - 2 potions of ambrosia
 F - a potion of mutation {unknown}
 N - a potion of resistance
 P - a potion of might {unknown}
 R - 2 potions of heal wounds
 T - 2 potions of brilliance
Comestibles
 c - 10 rations


   Skills:
 + Level 11.6 Fighting
 + Level 14.4 Bows
 - Level 1.3 Dodging
 - Level 1.1 Stealth
   Level 2.4 Shields
 + Level 9.2 Spellcasting
 + Level 7.0 Conjurations
 * Level 5.1 Fire Magic
 - Level 11.5 Air Magic


You had 9 spell levels left.
You knew the following spells:

 Your Spells              Type           Power        Failure   Level  Hunger
a - Shock                 Conj/Air       ####         1%          1    None
b - Static Discharge      Conj/Air       ######..     1%          3    None
c - Airstrike             Air            ######....   1%          4    ##.....
d - Lightning Bolt        Conj/Air       ######....   1%          5    ####...
e - Fireball              Conj/Fire      ######....   6%          5    ####...
f - Summon Lightning Spi  Summ/Air       ######..     2%          4    ##.....

Your spell library contained the following spells:

 Spells                   Type           Power        Failure   Level  Hunger
 Flame Tongue             Conj/Fire      #####        1%          1    None
 Swiftness                Chrm/Air       ######..     1%          2    None
 Throw Flame              Conj/Fire      ######       1%          2    None
 Conjure Flame            Conj/Fire      ######..     1%          3    None
 Inner Flame              Hex/Fire       ####....     2%          3    None
 Sticky Flame             Conj/Fire      ######..     2%          4    ##.....
 Ensorcelled Hibernation  Hex/Ice        ###...       4%          2    None
 Recall                   Summ/Tloc      N/A          9%          3    None
 Spectral Weapon          Hex/Chrm       ###.....     9%          3    None
 Spider Form              Tmut/Pois      ###.......   9%          3    None
 Summon Guardian Golem    Hex/Summ       ###.....     9%          3    None
 Tukima's Dance           Hex            ###.....     9%          3    None
 Irradiate                Conj/Tmut      #####.....   16%         5    ####...
 Animate Dead             Necr           N/A          26%         4    ##.....
 Cause Fear               Hex            ###.......   26%         4    ##.....
 Leda's Liquefaction      Hex/Erth       ###.......   26%         4    ##.....
 Borgnjor's Vile Clutch   Necr/Erth      ###.......   56%         5    ####...
 Summon Forest            Summ/Tloc      ###.......   56%         5    ####...
 Summon Mana Viper        Hex/Summ       ###.....     56%         5    ####...
 Death Channel            Necr           ###.......   98%         6    ######.
 Hydra Form               Tmut           ###.......   98%         6    ######.
 Simulacrum               Ice/Necr       ###.......   98%         6    ######.
 Statue Form              Tmut/Erth      ###......    98%         6    ######.
 Dragon Form              Tmut           ###.......   100%        7    #######
 Summon Greater Demon     Summ           ###.......   100%        7    #######


Dungeon Overview and Level Annotations

Branches:
Dungeon (13/15)            Temple (1/1) D:7            Lair (6/6) D:10
  Swamp (0/4) Lair:4        Snake (0/4) Lair:3        Slime (0/5) Lair:6
    Orc (0/2) D:12
 Vaults: D:13-14

Altars:
Ashenzari
Dithmenos
Fedhas
Hepliaklqana
Makhleb
Okawaru
Qazlal
Ru
Sif Muna
Trog
Uskayaw
Vehumet
Wu Jian
Xom
Yredelemnul
Zin
The Shining One

Shops:
D:8 [   D:12 [

Annotations:
D:9 exclusion: statue
Lair:2 1 runed door, Ledejy's ghost, journeyman HuFi
Lair:3 exclusion: downstairs
Lair:5 2 transporters, Qakhlazu's ghost, journeyman OpVM


Innate Abilities, Weirdness & Mutations

You have hooves in place of feet.
Armour fits poorly on your strangely shaped body.
You cover ground very quickly.
You have extremely tough skin. (AC +3)


Message History

Your lightning spire shoots out a bolt of lightning at the freezing wraith!
The bolt of electricity hits the freezing wraith.
Firing (i - inventory. (/) - cycle)
h - 167 arrows (quivered)
Press: ? - help, Shift-Dir - straight line, f/p - freezing wraith
Aim: a freezing wraith (heavily damaged)
You shoot an arrow. The arrow hits the freezing wraith.
The freezing wraith is severely damaged.
The freezing wraith hits you but does no damage.
The freezing wraith hits you! x2; The freezing wraith freezes you!
The freezing wraith hits you.
You are too injured to fight recklessly!
Unknown command.
Your lightning spire disappears in a puff of smoke!
You feel yourself speed up. The freezing wraith hits you!
* * * LOW HITPOINT WARNING * * *
The freezing wraith freezes you!
* * * LOW HITPOINT WARNING * * *
The freezing wraith hits you!
You die...

#...##.)###+###..####'##
#...##)W###..##..##....#####
.......)..#...#............#
.......)..#...#..........รท.#
#.####.)###..##..##..####<.#
#. ###.(###..##..###########
#....(..................#
+.....(.................#
#..####...##.@###.###...#
#..####.(.##W.#######...#
#........................#
#................).......#
##########################


You could see a freezing wraith.

Vanquished Creatures
  3 hydras
  A catoblepas (Lair:6)
  3 two-headed ogres
  2 death yaks (Lair:5)
  A tengu warrior (D:13)
  Sonja (Lair:4)
  A wolf spider zombie (D:11)
  A wolf spider (Lair:6)
  2 manticores (D:12)
  3 ugly things
  A torpor snail (Lair:6)
  A guardian serpent (Lair:6)
  13 black mambas
  A gargoyle (D:11)
  A freezing wraith (D:13)
  A rime drake (Lair:6)
  14 spiny frogs
  3 komodo dragons
  A troll (D:9)
  7 polar bears (Lair:1)
  20 blink frogs
  3 hornets
  2 slime creatures (D:13)
  5 hippogriffs
  2 redbacks (Lair:6)
  A vampire (D:12)
  Sigmund (D:3)
  9 wyverns
  2 basilisks
  44 yaks
  2 vampire mosquitoes (D:13)
  A hungry ghost (D:11)
  21 soldier ants
  2 acid dragons
  4 nagas (Lair:3)
  19 water moccasins
  6 porcupines
  4 orc warriors
  4 ice beasts
  3 necrophages
  A hornet zombie (D:11)
  3 ogres
  10 black bears
  5 sky beasts
  An eye of draining (D:13)
  17 wolves
  4 centaurs
  13 crocodiles
  2 big kobolds
  18 bullfrogs
  A wyvern skeleton (D:10)
  2 scorpions
  48 killer bees
  4 wights
  6 electric eels
  2 howler monkeys
  4 crimson imps
  4 bullfrog zombies
  8 hounds
  3 quasits
  3 jellies
  5 orc priests
  13 orc wizards
  2 bullfrog skeletons (D:11)
  5 iguanas
  Natasha (thrice) (D:3)
  29 worker ants
  A killer bee zombie (D:6)
  2 hound skeletons
  A worker ant zombie (D:9)
  17 adders
  3 shadow imps
  4 adder skeletons
  3 worms
  A dart slug (D:5)
  2 leopard geckos
  41 orcs
  15 bats
  4 giant cockroaches
  7 goblins
  6 hobgoblins
  15 jackals
  13 kobolds
  6 quokkas
  A ball python zombie (D:5)
  3 frilled lizards
  2 leopard gecko skeletons
  A leopard gecko zombie (D:6)
  2 quokka skeletons
  A quokka zombie (D:5)
  11 rats
  2 fungi (Lair:5)
  A plant (Lair:3)
597 creatures vanquished.

Vanquished Creatures (collateral kills)
  A death knight (D:13)
  A slime creature (D:13)
  A scorpion (D:11)
  4 wights
  An orc wizard (D:13)
  A worker ant (D:12)
  An orc (D:13)
10 creatures vanquished.

Vanquished Creatures (others)
  24 fungi
  22 plants
46 creatures vanquished.

Grand Total: 653 creatures vanquished

Notes
Turn   | Place    | Note
-------+----------+-------------------------------------------
     0 | D:1      | toffzen the Centaur Air Elementalist began the quest for
                  | the Orb.
     0 | D:1      | Reached XP level 1. HP: 14/14 MP: 3/3
   105 | D:1      | Reached skill level 1 in Conjurations
   309 | D:1      | Reached XP level 2. HP: 22/22 MP: 1/4
  1295 | D:1      | Reached skill level 1 in Fighting
  1295 | D:1      | Reached XP level 3. HP: 26/28 MP: 0/5
  1470 | D:2      | Learned a level 3 spell: Static Discharge
  2082 | D:2      | Reached XP level 4. HP: 35/35 MP: 1/6
  2707 | D:3      | Found a shattered altar of Ashenzari.
  2869 | D:3      | Noticed Natasha
  2876 | D:3      | Killed Natasha
  2876 | D:3      | Reached XP level 5. HP: 35/41 MP: 4/8
  2933 | D:3      | Learned a level 4 spell: Airstrike
  3220 | D:3      | Noticed Natasha
  3234 | D:3      | Killed Natasha
  3389 | D:3      | Noticed Natasha
  3398 | D:3      | Killed Natasha
  3536 | D:3      | Noticed Sigmund
  3546 | D:3      | Killed Sigmund
  3546 | D:3      | Reached XP level 6. HP: 50/50 MP: 4/9
  4932 | D:4      | Reached XP level 7. HP: 56/56 MP: 6/10
  5587 | D:5      | Entered Level 5 of the Dungeon
  5899 | D:5      | Reached skill level 5 in Air Magic
  6445 | D:5      | Reached skill level 1 in Shields
  6748 | D:6      | Got a heavily jewelled robe
  6892 | D:6      | Reached XP level 8. HP: 63/63 MP: 3/12
  7173 | D:6      | Reached skill level 5 in Conjurations
  7587 | D:6      | Found a blossoming altar of Fedhas.
  7960 | D:6      | Found an ornate altar of the Wu Jian Council.
  8459 | D:7      | Found a staircase to the Ecumenical Temple.
  8473 | Temple   | Entered the Ecumenical Temple
  8504 | Temple   | Became a worshipper of Sif Muna the Loreminder
  8569 | D:6      | Identified the +0 robe of Vonobb {rF+ Stlth+} (You found it
                  | on level 6 of the Dungeon)
  8735 | D:7      | Reached skill level 1 in Bows
  9051 | D:7      | Found a flagged portal.
  9131 | D:7      | Found a sacrificial altar of Ru.
  9149 | D:7      | Found a hazy altar of Hepliaklqana.
  9256 | D:7      | Reached skill level 2 in Bows
  9865 | D:8      | Found a bloodstained altar of Trog.
  9865 | D:8      | Found a glowing golden altar of the Shining One.
  9940 | D:8      | Reached XP level 9. HP: 72/72 MP: 1/14
 10162 | D:8      | Found Mena's Antique Armour Boutique.
 10199 | D:8      | Found a burning altar of Makhleb.
 10240 | D:8      | Reached * piety under Sif Muna
 10240 | D:8      | Reached skill level 3 in Bows
 11234 | D:9      | Reached skill level 4 in Bows
 11534 | D:9      | Reached skill level 5 in Fighting
 11534 | D:9      | Reached skill level 5 in Bows
 11581 | D:9      | Reached skill level 6 in Bows
 11596 | D:9      | Reached ** piety under Sif Muna
 11929 | D:9      | Found a radiant altar of Vehumet.
 12608 | D:9      | Reached XP level 10. HP: 81/81 MP: 0/16
 12770 | D:10     | Entered Level 10 of the Dungeon
 12981 | D:9      | Reached skill level 7 in Bows
 13561 | D:10     | Found a staircase to the Lair.
 13818 | D:10     | Reached skill level 8 in Bows
 14924 | Lair:1   | Entered Level 1 of the Lair of Beasts
 14924 | Lair:1   | Found a labyrinth entrance.
 15201 | D:10     | Reached skill level 5 in Spellcasting
 15597 | Lair:1   | Reached skill level 9 in Bows
 15806 | Lair:1   | Noticed a black mamba
 15823 | Lair:1   | Killed a black mamba
 16056 | Lair:1   | Noticed a black mamba
 16061 | Lair:1   | Killed a black mamba
 16547 | Lair:1   | Reached skill level 10 in Bows
 16668 | Lair:1   | Reached XP level 11. HP: 86/91 MP: 17/19
 17871 | Lair:1   | Reached skill level 11 in Bows
 18630 | Lair:1   | Learned a level 5 spell: Lightning Bolt
 19071 | Lair:1   | Reached *** piety under Sif Muna
 19797 | Lair:2   | Reached skill level 12 in Bows
 19972 | Lair:2   | Found a runed door.
 19973 | Lair:2   | Found a shimmering altar of Xom.
 19973 | Lair:2   | Noticed Ledejy's ghost (journeyman HuFi)
 19974 | Lair:2   | Noticed a flail of chaos
 20304 | Lair:2   | Noticed a queen ant
 22163 | Lair:2   | Reached XP level 12. HP: 102/102 MP: 13/21
 23433 | Lair:2   | Reached skill level 13 in Bows
 24425 | Lair:3   | Reached **** piety under Sif Muna
 24693 | Lair:3   | Found a staircase to the Snake Pit.
 24759 | Lair:3   | Identified the +1 robe of the Assorted Beggars {rPois} (You
                  | found it on level 3 of the Lair of Beasts)
 25744 | Lair:4   | Noticed Sonja
 25750 | Lair:3   | Reached skill level 10 in Air Magic
 26652 | Lair:4   | Reached skill level 14 in Bows
 26783 | Lair:4   | Noticed a four-headed hydra
 26798 | Lair:4   | Killed a four-headed hydra
 27701 | Lair:4   | Found a staircase to the Swamp.
 27910 | Lair:4   | Killed Sonja
 28777 | Lair:5   | Noticed a five-headed hydra
 28788 | Lair:5   | Killed a five-headed hydra
 28811 | Lair:5   | Reached XP level 13. HP: 113/113 MP: 10/24
 29075 | Lair:5   | Found a transporter.
 29077 | Lair:5   | Noticed Qakhlazu's ghost (journeyman OpVM)
 29110 | Lair:5   | Reached skill level 10 in Fighting
 29368 | Lair:5   | Reached ***** piety under Sif Muna
 29368 | Lair:5   | Identified Sif Muna's Tome of Intoxication and Enchantment
                  | (Sif Muna gifted it to you on level 5 of the Lair of
                  | Beasts)
 29368 | Lair:5   | Received a gift from Sif Muna
 29625 | Lair:5   | Found a transporter.
 29824 | Lair:6   | Entered Level 6 of the Lair of Beasts
 32738 | Lair:5   | HP: 5/115 [poisoned by a redback]
 32743 | Lair:5   | HP: 4/115 [poisoned by a redback]
 32749 | Lair:5   | HP: 2/115 [poisoned by a redback]
 32756 | Lair:5   | HP: 2/115 [poisoned by a redback]
 32764 | Lair:5   | HP: 3/115 [poisoned by a redback]
 33561 | Lair:5   | Learned a level 5 spell: Fireball
 33745 | Lair:6   | Reached skill level 1 in Fire Magic
 35397 | Lair:6   | Found a staircase to the Slime Pits.
 37336 | D:11     | Reached XP level 14. HP: 42/124 MP: 6/27
 37844 | D:11     | Identified Royh's Tome of the Entourage (Sif Muna gifted it
                  | to you on level 11 of the Dungeon)
 37844 | D:11     | Received a gift from Sif Muna
 38207 | D:11     | Learned a level 4 spell: Summon Lightning Spire
 39609 | D:12     | Found Buiryh's Armour Shoppe.
 39639 | D:12     | Bought a +0 centaur barding for 299 gold pieces
 39639 | D:12     | Bought the +0 mask of the Dragon {MR+ Slay+3 SInv} for 434
                  | gold pieces
 39639 | D:12     | Found the +0 mask of the Dragon {MR+ Slay+3 SInv}
 40051 | D:12     | Found a staircase to the Orcish Mines.
 41095 | D:13     | Reached skill level 5 in Fire Magic
 41283 | D:13     | Slain by a freezing wraith

Skill      XL: |  1  2  3  4  5  6  7  8  9 10 11 12 13 14 |
---------------+-------------------------------------------+-----
Conjurations   | 1 2 3 4 5 6 7 |  7.0
Air Magic      | 3 4 5 6 7 8 9 10 11 | 11.5
Fighting       | 1 2 3 4 5 6 8 9 11 | 11.6
Spellcasting   | 2 3 4 5 6 7 9 |  9.2
Shields        | 1 2 |  2.4
Bows           | 2 6 10 12 14 | 14.4
Fire Magic     | 3 5 |  5.1
Dodging        | |  1.3
Stealth        | |  1.1

Action                   |  1- 3 |  4- 6 |  7- 9 | 10-12 | 13-15 || total
-------------------------+-------+-------+-------+-------+-------++-------
Melee: Short sword       |    12 |       |       |       |       ||    12
       Kick              |     3 |     2 |     3 |     7 |       ||    15
       Spear             |     3 |       |       |       |       ||     3
       Trident           |     4 |     3 |    10 |    15 |       ||    32
 Fire: Shortbow          |       |       |       |   339 |   248 ||   587
       Longbow           |       |       |       |       |   193 ||   193
 Cast: Shock             |    78 |   137 |   311 |   561 |   162 ||  1249
       Airstrike         |       |       |    21 |   107 |    67 ||   195
       Static Discharge  |       |       |       |    88 |    57 ||   145
       Lightning Bolt    |       |       |       |    25 |    59 ||    84
       Summon Lightning  |       |       |       |       |     8 ||     8
       Fireball          |       |       |       |       |     6 ||     6
Invok: Divine Energy     |       |       |     1 |       |       ||     1
Evoke: Wand              |       |       |     2 |     5 |       ||     7
  Use: Scroll            |       |     8 |     4 |     8 |     7 ||    27
       Potion            |       |       |       |     3 |     2 ||     5
  Eat: Chunk             |     5 |     5 |    18 |    28 |    17 ||    73
       Ration            |       |     1 |     2 |    10 |    10 ||    23
Armor: Robe              |    38 |    10 |    31 |    92 |    58 ||   229
Dodge: Dodged            |    31 |    24 |    34 |   148 |   107 ||   344
Block: Buckler           |       |       |     3 |     5 |       ||     8
